 Dungeon Crawl Stone Soup version 0.31-a0-965-g8a8ce12e04 (webtiles) character file.

Game seed: 1696655723505089640

70 Newt the Trooper (level 4, 0/38 HPs)
             Began as a Merfolk Gladiator on Oct 26, 2023.
             Killed from afar by Ijyb (15 damage)
             ... with a bolt of acid
             ... on level 3 of the Dungeon.
             The game lasted 00:01:24 (1271 turns).

Newt the Trooper (Merfolk Gladiator)                Turns: 1271, Time: 00:01:25

Health: 0/38       AC:  0    Str: 16    XL:     4   Next: 21%
Magic:  4/4        EV: 14    Int:  7    God:
Gold:   156        SH:  0    Dex: 21    Spells: 3/3 levels left

rFire   . . .        a - +0 trident (heavy)
rCold   . . .        (no shield)
rNeg    . . .        b - +0 leather armour
rPois   .            c - +0 helmet
rElec   .            m - scarf {+Inv}
rCorr   .            (no gloves)
SInv    .            (no boots)
Will    .....        j - amulet of regeneration
Stlth   ++           i - +6 ring of dexterity
HPRegen 1.06/turn    (no ring)
MPRegen 0.09/turn

%: no passive effects
@: corroded
A: (nimble swimmer 2), mertail
a: Evoke Invisibility


You were on level 3 of the Dungeon.
You visited 1 branch of the dungeon, and saw 3 of its levels.

You collected 156 gold pieces.

Inventory:

Hand Weapons
 a - a +0 heavy trident (weapon)
Missiles
 d - 2 throwing nets (quivered)
 e - a javelin
Armour
 b - a +0 leather armour (worn)
 c - a +0 helmet (worn)
 m - a scarf of invisibility (worn)
Jewellery
 i - a +6 ring of dexterity (left hand)
 j - an amulet of regeneration (around neck)
Scrolls
 g - 2 scrolls of poison
Potions
 f - a potion of haste {unknown}
 k - 2 potions of ambrosia {unknown}
 l - a potion of invisibility {unknown}


   Skills:
 + Level 4.8 Fighting
 - Level 4.0 Polearms
 - Level 2.0 Throwing
 - Level 4.0 Dodging


You had 3 spell levels left.
You didn't know any spells.
Your spell library contained the following spells:

 Spells                   Type           Power      Damage    Failure   Level
 Ensorcelled Hibernation  Hex/Ice        0%         N/A       65%         2
 Passwall                 Tmut/Erth      0%         N/A       65%         2
 Swiftness                Air            0%         N/A       86%         3


Dungeon Overview and Level Annotations

Branches:
Dungeon (3/15)

Altars:

Shops:
D:2 [

Annotations:
D:3 Ijyb


Innate Abilities, Weirdness & Mutations

((You are very nimble when in or above water. (Stealth+, EV+, Speed+++)))
Your lower body shifts to a powerful aquatic tail in water.


Message History

Found a sling.
Found 5 poisoned darts.
You reach to attack!
You puncture Ijyb!
Ijyb is moderately wounded.
You hit Ijyb.
Ijyb is heavily wounded.
Ijyb closely misses you. Ijyb hits you with a +0 dagger.
You closely miss Ijyb.
Ijyb is heavily wounded.
Ijyb zaps a wand.
The bolt of acid hits you!! The acid corrodes you!
You are too injured to fight recklessly!
You are too injured to fight recklessly!
You are too injured to fight recklessly!
You hit Ijyb but do no damage.
Ijyb is heavily wounded.
Ijyb hits you with a +0 dagger. x2
Throw: 3 throwing nets
Press: ? - help, Q - select action, (/) - cycle Shift-Dir - straight line, f/p - Ijyb
Aim: Ijyb, wielding a +0 dagger, wearing a +0 scale mail and carrying a wand of acid (heavily wounded, 60% to hit)
You throw a throwing net. The throwing net hits Ijyb.
Ijyb is caught in the net!
Ijyb is heavily wounded.
Ijyb zaps a wand.
The bolt of acid misses you.
Ijyb struggles against the net.
You hit Ijyb.
Ijyb is heavily wounded.
Ijyb zaps a wand.
The bolt of acid hits you!
* * * LOW HITPOINT WARNING * * *
Ijyb struggles against the net.
You hit Ijyb but do no damage.
Ijyb is heavily wounded.
You barely miss Ijyb.
Ijyb is heavily wounded.
Ijyb zaps a wand.
The bolt of acid misses you.
Ijyb struggles against the net.
You hit Ijyb but do no damage.
Ijyb is heavily wounded.
Ijyb zaps a wand.
The bolt of acid misses you.
Ijyb struggles against the net.
You hit Ijyb.
Ijyb is severely wounded.
Ijyb zaps a wand.
The bolt of acid hits you!
You die...

######.#.## (
###.# # #. #...#
##.#### #.###
#......###.#
........##.#
...........####.
................#
.......@..#######
......g...#
.........##
........##
........#
.).......
.........
.........


You could see Ijyb (caught).

Vanquished Creatures
  3 adders (D:2)
  2 worms (D:2)
  A dart slug (D:1)
  5 ball pythons
  7 bats
  3 endoplasms (D:1)
  2 goblins
  2 hobgoblins (D:2)
  2 jackals (D:1)
  A kobold (D:1)
  2 quokkas (D:1)
  2 frilled lizards (D:2)
  2 rats
34 creatures vanquished.

Notes
Turn   | Place    | Note
-------+----------+-------------------------------------------
     0 | D:1      | Newt the Merfolk Gladiator began the quest for the Orb.
     0 | D:1      | Reached XP level 1. HP: 16/16 MP: 1/1
    36 | D:1      | Reached XP level 2. HP: 23/23 MP: 2/2
   479 | D:2      | Reached XP level 3. HP: 20/30 MP: 3/3
   759 | D:2      | Found a faded altar of an unknown god.
   793 | D:2      | Found Affus's Antique Armour Shop.
   947 | D:2      | Reached XP level 4. HP: 36/38 MP: 4/4
  1258 | D:3      | Noticed Ijyb
  1271 | D:3      | Killed from afar by Ijyb

Illustrated notes

Levels and vault maps discovered:
D:1:      onia_arrival_mini_spirals, layout_rooms
D:2:      layout_basic, serial_shops, nicolae_shop_back_alley_shop,
          ebering_ecumenical_altar_hall, serial_bayou_pond_d,
          minmay_pentomino_pile
D:3:      layout_rooms, grunt_temple_overflow_lords_of_destruction,
          uniq_crazy_yiuf_cottage, uniq_ijyb

Skill      XL: |  1  2 |
---------------+-------+-----
Fighting       | 4 |  4.8
Polearms       | |  4.0
Throwing       | |  2.0
Dodging        | |  4.0

Action                     |  1- 3 |  4- 6 || total
---------------------------+-------+-------++-------
  Melee: Trident           |    88 |    34 ||   122
  Throw: Throwing net      |       |     1 ||     1
    Use: Scroll            |     4 |     2 ||     6
   Stab: Sleeping          |     1 |       ||     1
 Armour: Leather armour    |    34 |    24 ||    58
  Dodge: Dodged            |    51 |    22 ||    73

Table legend: (Time is in decaauts)
 A = Elapsed time spent in this place.
 B = Non-inter-level travel time spent in this place.
 C = Inter-level travel time spent in this place.
 D = Time resting spent in this place.
 E = Time spent auto-exploring this place.
 F = Levels seen in this place.
 G = Mean time per level.
                   A        B        C        D        E       F      G
               +--------+--------+--------+--------+--------+-----+--------+
         Total |   1286 |   1261 |     25 |     18 |    980 |   3 |  428.7 |
       Dungeon |   1286 |   1261 |     25 |     18 |    980 |   3 |  428.7 |
               +--------+--------+--------+--------+--------+-----+--------+

Top non-repeatable levels by time:
     D:2: 804 daAuts
     D:1: 448 daAuts
     D:3: 32 daAuts
